 Dungeon Crawl Stone Soup version 0.28-a0-265-g048bc9fd10 (webtiles) character file.

Game seed: 12506210524401267293

57390 Spaninq the Fencer (level 14, -1/129 HPs)
             Began as a Minotaur Abyssal Knight on Aug 27, 2021.
             Was the Champion of Lugonu.
             Slain by an orc knight (5 damage)
             ... on level 2 of the Orcish Mines.
             The game lasted 01:09:40 (25175 turns).

Spaninq the Fencer (Minotaur Abyssal Knight)       Turns: 25175, Time: 01:09:41

Health: -1/129     AC: 32    Str: 25      XL:     14   Next: 45%
Magic:  19/19      EV:  8    Int:  7 (9)  God:    Lugonu [******]
Gold:   1797       SH:  4    Dex: 10      Spells: 15/17 levels left

rFire   + . .      SeeInvis .   b - +2 scimitar (flame)
rCold   + . .      Faith    .   e - +0 buckler
rNeg    . . .      Spirit   .   y - +3 gold dragon scales
rPois   +          Reflect  .   (helmet restricted)
rElec   .          Harm     .   E - +2 cloak {Will+}
rCorr   .          Rampage  .   x - +1 pair of gloves {Str+3}
Will    +++..                   (no boots)
Stlth   ..........              i - amulet of the acrobat
HPRegen 0.31/turn               q - +4 ring of protection
MPRegen 0.16/turn               g - ring of willpower

@: mighty, hasted, very quick
A: horns 2, retaliatory headbutt
a: Renounce Religion, Depart the Abyss, Bend Space, Banish, Corrupt, Enter the
Abyss, Brand Weapon With Distortion


You were on level 2 of the Orcish Mines.
You worshipped Lugonu.
Lugonu was exalted by your worship.
You visited 4 branches of the dungeon, and saw 19 of its levels.
You visited the Abyss 1 time.
You also visited: Sewer, Ossuary and Gauntlet.

You collected 1809 gold pieces.
You spent 12 gold pieces at shops.

Inventory:

Hand Weapons
 b - a +2 scimitar of flaming (weapon)
 B - the +12 dire flail "Newt's Foe" {freeze, +Rage rN+}
   (You took it off a minotaur in a Gauntlet)

   It freezes those it strikes, dealing additional cold damage.
   It can also slow down cold-blooded creatures.
   rN:        It protects you from negative energy.
   +Rage:     It lets you go berserk.
Armour
 e - a +0 buckler (worn)
 x - a +1 pair of gloves of strength (worn)
 y - +3 gold dragon scales (worn)
 E - a +2 cloak of willpower (worn)
Jewellery
 g - a ring of willpower (right hand)
 i - an amulet of the acrobat (around neck)
 j - a ring of positive energy
 q - a +4 ring of protection (left hand)
 r - a ring of positive energy
 J - a ring of protection from fire
Wands
 d - a wand of digging (5)
 k - a wand of iceblast (27)
 m - a wand of flame (104)
 s - a wand of charming (6)
 C - a wand of polymorph (12)
 D - a wand of mindburst (21)
Scrolls
 c - 3 scrolls of fear
 h - 7 scrolls of teleportation
 F - 2 scrolls of amnesia
 H - 2 scrolls of identify
Potions
 a - a potion of berserk rage
 f - 2 potions of flight
 l - 4 potions of haste
 n - 2 potions of attraction
 o - 2 potions of cancellation
 t - 3 potions of mutation
 u - 3 potions of curing
 v - 2 potions of resistance
 z - a potion of might
 A - 3 potions of ambrosia
 G - 4 potions of heal wounds
Miscellaneous
 p - a lightning rod (4/4)


   Skills:
 + Level 13.2 Fighting
 + Level 15.9 Long Blades
 - Level 11.3 Axes
 + Level 12.8 Armour
 + Level 11.8 Dodging
 - Level 4.0 Shields
 + Level 2.2 Spellcasting
 * Level 3.3 Transmutations
 - Level 9.2 Invocations


You had 15 spell levels left.
You knew the following spells:

 Your Spells              Type           Power      Damage    Failure   Level
a - Wereblood             Tmut           5%         N/A       99%         2

Your spell library contained the following spells:

 Spells                   Type           Power      Damage    Failure   Level
 Magic Dart               Conj           0%         1d3       100%        1
 Call Imp                 Summ           0%         N/A       100%        2
 Ensorcelled Hibernation  Hex/Ice        0%         N/A       100%        2
 Slow                     Hex            0%         N/A       100%        2
 Sublimation of Blood     Necr           0%         N/A       100%        2
 Confusing Touch          Hex            0%         N/A       100%        3
 Frozen Ramparts          Ice            0%         1d2       100%        3
 Ignite Poison            Fire/Tmut/Pois 2%         N/A       100%        3
 Mephitic Cloud           Conj/Pois/Air  0%         N/A       100%        3
 Spider Form              Tmut/Pois      1%         N/A       100%        3
 Vampiric Draining        Necr           0%         2d6       100%        3
 Ice Form                 Ice/Tmut       3%         N/A       100%        4
 Petrify                  Tmut/Erth      3%         N/A       100%        4
 Summon Ice Beast         Ice/Summ       0%         N/A       100%        4
 Blade Hands              Tmut           2%         N/A       100%        5
 Bolt of Magma            Conj/Fire/Erth 0%         4d4       100%        5
 Irradiate                Conj/Tmut      1%         3d13      100%        5
 Summon Mana Viper        Hex/Summ       0%         N/A       100%        5
 Yara's Violent Unravell  Hex/Tmut       1%         3d3       100%        5
 Shadow Creatures         Summ           N/A        N/A       100%        6
 Statue Form              Tmut/Erth      2%         N/A       100%        6
 Dragon Form              Tmut           2%         N/A       100%        7
 Monstrous Menagerie      Summ           0%         N/A       100%        7
 Storm Form               Tmut/Air       1%         N/A       100%        7


Dungeon Overview and Level Annotations

Branches:
Dungeon (11/15)            Temple (1/1) D:5            Lair (5/6) D:8
  Swamp (0/4) Lair:4       Spider (0/4) Lair:3        Slime (0/5) Lair:5
    Orc (2/2) D:11          Sewer (visited)         Ossuary (visited)
Gauntlet (visited)
    Elf: Orc:2

Altars:
Ashenzari
Cheibriados
Dithmenos
Elyvilon
Fedhas
Gozag
Hepliaklqana
Kikubaaqudgha
Makhleb
Nemelex Xobeh
Okawaru
Qazlal
Ru
Sif Muna
Trog
Uskayaw
Vehumet
Wu Jian
Xom
Yredelemnul
Zin
The Shining One
Jiyva

Shops:
D:10 ([   D:11 [   Orc:1 *   Orc:2 [:

Annotations:
Lair:4 3 runed translucent doors, Tolaogg's ghost, journeyman MfBe
Orc:2 Donald


Innate Abilities, Weirdness & Mutations

You have a pair of horns on your head.
You reflexively headbutt those who attack you in melee.


Message History

The orc knight hits you with a +0 great mace.
You hit Donald. You burn Donald. You headbutt Donald!
Donald is severely wounded.
Donald hits you with a +2 long sword of holy wrath!
You barely miss Donald. Donald blocks your attack.
Donald is severely wounded.
Donald blocks your attack.
Donald is severely wounded.
The orc knight hits you with a +0 great mace!!
Donald casts a spell.
Donald seems to grow stronger.
Donald blocks your attack.
Your headbutt misses Donald.
Donald is severely wounded.
You hit Donald but do no damage.
Donald is severely wounded.
The orc knight hits you but does no damage.
Donald says, "Are you going to banish me, too?"
Donald hits you but does no damage. Donald blocks your attack.
Your headbutt misses Donald.
Donald is severely wounded.
Donald blocks your attack. x2
Donald is severely wounded.
The orc knight hits you but does no damage.
You hit Donald but do no damage. You headbutt Donald!!
Donald is almost dead.
Donald mumbles some strange words.
Donald seems to speed up.
Donald blocks your attack.
Your headbutt misses Donald.
Donald is almost dead.
You block the orc knight's attack.
Donald hits you with a +2 long sword of holy wrath!!
* * * LOW HITPOINT WARNING * * *
You slash Donald! You burn Donald.
Donald is almost dead.
Donald blocks your attack.
Donald is almost dead.
Donald hits you with a +2 long sword of holy wrath!
* * * LOW HITPOINT WARNING * * *
The orc knight hits you with a +0 great mace.
You die...

##.......P.P......P.....#[.[[.
#......#..8..∩.......#.....[[<
##.....#P......P.P..........)[
##......................#...)
##........P.....P.............
##........P...PP....##........÷
##....##......P..P...###.#......
#....###.......@o....#.###.....[
##....#........@#.......#.......
##....#.....#..###..#.#........
##...####.##...# ..#..........
##.## ###...## ........... ###
##.## ........)3 ### ........#4
......#.## .......... ..........


You could see Donald (fast, strong) and an orc knight.

Vanquished Creatures
  Saint Roka (Orc:2)
  Rupert (Orc:2)
  A minotaur (Gauntlet)
  4 hydras
  Harold (D:9)
  3 two-headed ogres
  11 death yaks (Lair:5)
  4 orc high priests
  Sonja (Lair:1)
  A swamp dragon (D:9)
  3 orc knights
  A necromancer (Gauntlet)
  3 oklob plants
  A manticore (D:11)
  Maurice (D:10)
  4 black mambas
  A torpor snail (Lair:2)
  A gargoyle (D:10)
  Psyche (D:9)
  8 cane toads
  10 komodo dragons
  3 rime drakes
  A polar bear (Lair:2)
  4 trolls
  7 blink frogs
  A hornet (D:9)
  4 dream sheep (Lair:2)
  Grinder (D:4)
  32 yaks
  3 centaur simulacra (Gauntlet)
  3 redbacks (Lair:3)
  A shadow (D:11)
  2 wraiths
  A vampire (D:10)
  3 wyverns
  Eustachio (D:5)
  A vampire mosquito (D:10)
  10 wargs
  Menkaure (D:4)
  A harpy simulacrum (Gauntlet)
  4 acid dragons
  19 water moccasins
  An ice beast (D:7)
  31 orc warriors
  A sky beast (D:7)
  2 black bears (D:7)
  2 hornet zombies
  8 ogres
  16 wolves
  A centaur (D:10)
  A phantom (D:5)
  3 kobold brigands
  20 bullfrogs
  3 scorpions
  A water moccasin skeleton (D:6)
  4 jellies
  6 killer bees (D:11)
  11 wights
  2 howler monkeys (D:5)
  3 centaur zombies
  A bullfrog zombie (D:5)
  A human zombie (Ossuary)
  A bullfrog skeleton (D:5)
  A hound (D:4)
  A centaur skeleton (D:3)
  16 orc priests
  Crazy Yiuf (D:2)
  3 iguanas
  Terence (D:2)
  A scorpion zombie (D:5)
  24 orc wizards
  A howler monkey zombie (D:8)
  5 mummies (Ossuary)
  5 gnolls
  12 adders
  A howler monkey skeleton (D:5)
  2 shadow imps (D:7)
  2 ufetubi (D:5)
  An adder zombie (D:3)
  An adder skeleton (D:5)
  7 worms
  2 dart slugs
  93 orcs
  14 endoplasms
  13 giant cockroaches
  8 goblins
  9 hobgoblins
  15 quokkas
  23 ball pythons
  A bat (D:2)
  12 frilled lizards
  A goblin zombie (Ossuary)
  21 kobolds
  3 kobold zombies (Ossuary)
  An orc zombie (Ossuary)
  9 rats
  3 butterflies
597 creatures vanquished.

Vanquished Creatures (others)
  A centaur (D:9)
  A bush (Lair:3)
  38 fungi
  35 plants
75 creatures vanquished.

Grand Total: 672 creatures vanquished

Notes
Turn   | Place    | Note
-------+----------+-------------------------------------------
     0 | Abyss:1  | Spaninq the Minotaur Abyssal Knight began the quest for the
                  | Orb.
     0 | Abyss:1  | Reached XP level 1. HP: 19/19 MP: 1/1
   143 | D:1      | Escaped the Abyss
   435 | D:1      | Reached * piety under Lugonu
   616 | D:1      | Reached XP level 2. HP: 27/27 MP: 2/2
  1197 | D:2      | Reached skill level 1 in Shields
  1236 | D:2      | Noticed Terence
  1327 | D:2      | Reached XP level 3. HP: 23/33 MP: 3/3
  1767 | D:2      | Reached ** piety under Lugonu
  1864 | D:2      | Reached XP level 4. HP: 34/40 MP: 4/4
  1930 | D:2      | Found a runed translucent door.
  1931 | D:2      | Noticed Crazy Yiuf
  2443 | D:3      | Reached XP level 5. HP: 32/46 MP: 5/5
  2752 | D:3      | Found a faded altar of an unknown god.
  3623 | D:4      | Reached XP level 6. HP: 53/53 MP: 6/6
  3633 | D:4      | Noticed Menkaure
  3642 | D:4      | Killed Menkaure
  3643 | D:4      | Reached skill level 5 in Axes
  3935 | D:4      | Noticed Grinder
  3946 | D:4      | Reached *** piety under Lugonu
  3950 | D:4      | Paralysed by Grinder for 4 turns
  3957 | D:4      | Paralysed by Grinder for 3 turns
  3960 | D:4      | Killed Grinder
  3961 | D:4      | Reached skill level 5 in Fighting
  3961 | D:4      | Reached XP level 7. HP: 27/61 MP: 7/7
  4592 | D:2      | Killed Terence
  4735 | D:2      | Killed Crazy Yiuf
  4922 | D:5      | Entered Level 5 of the Dungeon
  5130 | D:5      | Found a glowing drain.
  5154 | Sewer    | Entered a sewer
  5655 | Sewer    | Reached **** piety under Lugonu
  5729 | D:5      | Reached skill level 5 in Armour
  5729 | D:5      | Reached XP level 8. HP: 70/70 MP: 8/8
  5795 | D:5      | Found a staircase to the Ecumenical Temple.
  5799 | D:5      | Noticed Eustachio
  5896 | D:5      | Killed Eustachio
  6532 | Temple   | Entered the Ecumenical Temple
  6981 | D:6      | Found an ornate altar of the Wu Jian Council.
  6987 | D:6      | Reached skill level 5 in Dodging
  7074 | D:6      | Identified the +2 robe of Immorality {Int+5}
  7587 | D:7      | Found a sand-covered staircase.
  7596 | D:7      | Reached XP level 9. HP: 79/79 MP: 9/9
  7612 | D:7      | Reached ***** piety under Lugonu
  7614 | Ossuary  | Entered an ossuary
  8133 | D:7      | Found a sacrificial altar of Ru.
  8142 | D:7      | Found an opulent altar of Gozag.
  9112 | D:7      | Reached skill level 10 in Axes
  9157 | D:7      | Found a stormy altar of Qazlal.
  9223 | D:8      | Found a staircase to the Lair.
  9767 | D:8      | Found a shimmering blue altar of Sif Muna.
  9953 | D:9      | Noticed Erica
  9953 | D:9      | Noticed a two-headed ogre
  9959 | D:9      | Noticed Psyche
  9978 | D:9      | Noticed Erica
  9994 | D:9      | Reached XP level 10. HP: 73/88 MP: 11/11
 10003 | D:9      | Killed a two-headed ogre
 10700 | D:9      | Killed Psyche
 11157 | D:9      | Reached skill level 1 in Long Blades
 11172 | D:9      | Killed Erica the swamp dragon
 11173 | D:9      | Reached skill level 3 in Long Blades
 11179 | D:9      | Reached skill level 4 in Long Blades
 11675 | D:10     | Entered Level 10 of the Dungeon
 11675 | D:10     | Noticed a gargoyle
 11686 | D:10     | Killed a gargoyle
 11687 | D:10     | Reached skill level 5 in Long Blades
 11894 | D:10     | Noticed a two-headed ogre
 11920 | D:10     | Killed a two-headed ogre
 11921 | D:10     | Reached skill level 6 in Long Blades
 11921 | D:10     | Reached skill level 5 in Invocations
 11921 | D:10     | Reached XP level 11. HP: 18/97 MP: 13/13
 12261 | D:10     | Found a snail-covered altar of Cheibriados.
 12261 | D:10     | Found Cheibriados's Comfort Zone.
 12330 | D:10     | Noticed Maurice
 12333 | D:10     | Noticed Harold
 12447 | D:9      | Killed Harold
 12448 | D:9      | Reached skill level 7 in Long Blades
 12759 | D:10     | Killed Maurice
 12911 | D:10     | Reached skill level 8 in Long Blades
 13399 | D:10     | Found Jysehy's Weapon Shop.
 13764 | Lair:1   | Entered Level 1 of the Lair of Beasts
 13764 | Lair:1   | Found a gate leading to a gauntlet.
 13947 | Gauntlet | Entered a Gauntlet
 13947 | Gauntlet | Found a transporter.
 13947 | Gauntlet | Found a transporter.
 13951 | Gauntlet | Noticed a sixfirhy
 13956 | Gauntlet | Noticed a necromancer
 13975 | Gauntlet | Found a transporter.
 13979 | Gauntlet | Found a transporter.
 13991 | Gauntlet | Found a transporter.
 13995 | Gauntlet | Found a transporter.
 13995 | Gauntlet | Noticed a hell beast
 14001 | Gauntlet | Found a transporter.
 14017 | Gauntlet | Found a transporter.
 14034 | Gauntlet | Found a transporter.
 14035 | Gauntlet | Found a transporter.
 14035 | Gauntlet | Noticed a catoblepas
 14037 | Gauntlet | Found a runed translucent gate.
 14037 | Gauntlet | Found a runed translucent gate.
 14037 | Gauntlet | Found a runed translucent gate.
 14043 | Gauntlet | Found a transporter.
 14047 | Gauntlet | Found a transporter.
 14101 | Gauntlet | Killed a necromancer
 14102 | Gauntlet | Reached skill level 9 in Long Blades
 14362 | Gauntlet | Noticed an oklob plant
 14454 | Gauntlet | Killed an oklob plant
 14495 | Gauntlet | Reached skill level 10 in Fighting
 14501 | Gauntlet | Reached skill level 10 in Long Blades
 14531 | Gauntlet | Identified the +12 dire flail "Newt's Foe" {freeze, +Rage
                  | rN+}
 14531 | Gauntlet | Noticed a minotaur
 14547 | Gauntlet | Killed a minotaur
 14571 | Gauntlet | Got the Grimoire of Entrancing Creation
 14591 | Gauntlet | Got Nilut's Handbook of Transmutation
 14593 | Gauntlet | Identified the +0 robe of Dramatic Exits {rF+ Dex+3}
 14986 | Lair:1   | Noticed Sonja
 15046 | Lair:1   | Killed Sonja
 15047 | Lair:1   | Reached skill level 11 in Long Blades
 15227 | Lair:1   | Noticed a five-headed hydra
 15233 | Lair:1   | Killed a one-headed hydra
 15234 | Lair:1   | Reached skill level 10 in Armour
 15374 | Lair:1   | Reached ****** piety under Lugonu
 15386 | Lair:1   | Noticed a seven-headed hydra
 15406 | Lair:1   | Killed a three-headed hydra
 15407 | Lair:1   | Reached XP level 12. HP: 95/107 MP: 15/15
 15722 | Lair:2   | Reached skill level 12 in Long Blades
 16210 | Lair:2   | Noticed a seven-headed hydra
 16220 | Lair:2   | Killed a four-headed hydra
 16221 | Lair:2   | Reached skill level 13 in Long Blades
 16714 | Lair:2   | Reached skill level 14 in Long Blades
 17123 | Lair:3   | Reached skill level 10 in Dodging
 17134 | Lair:3   | Found a hole to the Spider Nest.
 17589 | Lair:3   | Identified the +9 short sword of Execution {flame, rPois
                  | rF+ Str-2 SInv}
 17616 | Lair:3   | Reached XP level 13. HP: 111/116 MP: 18/18
 18577 | Lair:4   | Found a runed translucent gate.
 18577 | Lair:4   | Found a runed translucent gate.
 18577 | Lair:4   | Found a runed translucent gate.
 18579 | Lair:4   | Noticed a quicksilver ooze
 18581 | Lair:4   | Noticed Tolaogg's ghost (journeyman MfBe)
 18583 | Lair:4   | Found a viscous altar of Jiyva.
 18583 | Lair:4   | Found the +5 robe of Night {Dark Will+ SInv}
 19195 | Lair:4   | Found a staircase to the Swamp.
 19590 | Lair:5   | Reached skill level 15 in Long Blades
 19874 | Lair:5   | Found a staircase to the Slime Pits.
 19881 | Lair:5   | Found a glowing silver altar of Zin.
 21421 | D:11     | Learned a level 2 spell: Wereblood
 21863 | D:11     | Found Tabbirrote's Armour Shop.
 22030 | D:11     | Found a staircase to the Orcish Mines.
 22332 | Orc:1    | Entered Level 1 of the Orcish Mines
 22935 | Orc:1    | Reached skill level 1 in Spellcasting
 23176 | Orc:1    | Found Xafimif's CLEARANCE SALE! EVERYTHING MUST GO!.
 23183 | Orc:1    | Bought a scroll of teleportation for 12 gold pieces
 23267 | Orc:2    | Entered Level 2 of the Orcish Mines
 23269 | Orc:2    | Noticed Rupert
 23292 | Orc:2    | Found Sotoh's Book Boutique.
 23427 | Orc:1    | Reached XP level 14. HP: 120/127 MP: 19/19
 23470 | Orc:1    | Reached skill level 1 in Transmutations
 23891 | Orc:2    | Noticed an orc warlord
 24095 | Orc:2    | Noticed Saint Roka
 24631 | Orc:2    | Killed Saint Roka
 25100 | Orc:2    | Found Ibil's Antique Armour Emporium.
 25145 | Orc:2    | Noticed Donald
 25161 | Orc:2    | Killed Rupert
 25175 | Orc:2    | HP: 4/129 [Donald (14)]
 25175 | Orc:2    | Slain by an orc knight

Illustrated notes

Levels and vault maps discovered:
D:1:      nzn_arrival_water_spiral, layout_loops_cross
D:2:      layout_basic, uniq_crazy_yiuf_cottage, uniq_terence
D:3:      minmay_bubble_buster, layout_basic,
          hellmonk_ecumenical_altar_arch_garden, grunt_ministairs_15
D:4:      layout_cave_pods, kennysheep_potato, uniq_menkaure, uniq_grinder
D:5:      layout_rooms, minmay_temple_entry_trees, cheibrodos_sewer_entry_bend,
          hangedman_decor_opposing, grunt_ministairs_1, nicolae_sextant,
          minivault_14, minmay_manual_mail, uniq_eustachio
D:6:      layout_gridville, mainiacjoe_overflow_alcove_4, lemuel_old_faithful
D:7:      layout_gridville, marbit_many_paths, mainiacjoe_overflow_swirl,
          nicolae_ossuary_entry_ruins
D:8:      layout_cave_pools, nicolae_sif_muna_little_library, lair_entry_dummy
D:9:      layout_rooms, uniq_psyche, uniq_erica
D:10:     layout_irregular_city, serial_shops, kennysheep_little_box,
          serial_park_tiny_1, st_stairs_11, minmay_shop_chei, uniq_harold,
          uniq_maurice
D:11:     layout_loops_ring, hiddenorc1_lemuel, serial_shops, shop
Temple:   minmay_temple_bridge_d
Lair:1:   layout_misc_corridors, gauntlet_entry_generic, uniq_sonja
Lair:2:   layout_chaotic_city, lemuel_fruit_fields, lemuel_fruit_fields
Lair:3:   layout_roguey, spider_nest_entry_webs, minmay_lair_oklob_chamber,
          serial_bayou_shore_b, grunt_megastairs_1
Lair:4:   layout_loops_ring, swamp_mist, gammafunk_ghost_ooze,
          lemuel_fruit_fields
Lair:5:   layout_cave_pods, slime_dummy, basic_altar
Orc:1:    layout_caves, nicolae_shop_clearance
Orc:2:    grunt_orc_gardens, layout_caves, grunt_orc_garden, grunt_orc_garden,
          grunt_orc_garden, grunt_orc_garden, serial_shops, shop, uniq_rupert,
          uniq_saint_roka, uniq_donald

Skill      XL: |  1  2  3  4  5  6  7  8  9 10 11 12 13 14 |
---------------+-------------------------------------------+-----
Invocations    | 2 3 5 6 8 9 |  9.2
Axes           | 3 4 5 7 8 10 11 | 11.3
Shields        | 1 2 3 4 |  4.0
Fighting       | 4 5 7 8 9 10 11 12 13 | 13.2
Armour         | 3 4 5 6 7 8 10 11 12 | 12.8
Dodging        | 2 3 4 5 6 7 9 10 11 | 11.8
Long Blades    | 6 11 14 15 | 15.9
Spellcasting   | 1 2 |  2.2
Transmutations | 3 |  3.3

Action                   |  1- 3 |  4- 6 |  7- 9 | 10-12 | 13-15 || total
-------------------------+-------+-------+-------+-------+-------++-------
Melee: Hand axe          |    94 |   142 |   594 |   368 |       ||  1198
       Headbutt          |    11 |    28 |   119 |   148 |   163 ||   469
       Unarmed           |       |       |       |     3 |       ||     3
       Scimitar          |       |       |       |   395 |   747 ||  1142
Invok: Depart the Abyss  |     1 |       |       |       |       ||     1
       Bend Space        |       |       |       |     1 |       ||     1
  Use: Potion            |       |     1 |       |     4 |     7 ||    12
       Scroll            |       |       |    12 |    12 |     4 ||    28
 Stab: Invisible         |       |       |       |     4 |     5 ||     9
Armor: Leather armour    |     3 |       |       |       |       ||     3
       Plate armour      |    41 |    73 |   258 |   225 |       ||   597
       Skin              |       |       |       |     1 |       ||     1
       Gold dragon scale |       |       |       |   227 |   327 ||   554
Dodge: Dodged            |    25 |    37 |   184 |   267 |   241 ||   754
Block: Buckler           |    12 |    19 |    89 |    98 |   104 ||   322

Table legend: (Time is in decaauts)
 A = Elapsed time spent in this place.
 B = Non-inter-level travel time spent in this place.
 C = Inter-level travel time spent in this place.
 D = Time resting spent in this place.
 E = Time spent auto-exploring this place.
 F = Levels seen in this place.
 G = Mean time per level.
                   A        B        C        D        E       F      G
               +--------+--------+--------+--------+--------+-----+--------+
         Total |  24832 |  23885 |    947 |   3908 |  14454 |  23 | 1079.7 |
       Dungeon |  14164 |  13516 |    648 |   1965 |   8718 |  11 | 1287.6 |
        Temple |    233 |    225 |      8 |      0 |    214 |   1 |  233.0 |
          Lair |   5941 |   5720 |    221 |    478 |   4217 |   5 | 1188.2 |
  Orcish Mines |   2501 |   2431 |     70 |   1013 |    738 |   2 | 1250.5 |
         Abyss |    143 |    143 |      0 |      0 |      0 |   1 |  143.0 |
         Sewer |    606 |    606 |      0 |    153 |    129 |   1 |  606.0 |
       Ossuary |    299 |    299 |      0 |     19 |    136 |   1 |  299.0 |
      Gauntlet |    942 |    942 |      0 |    280 |    300 |   1 |  942.0 |
               +--------+--------+--------+--------+--------+-----+--------+

Top non-repeatable levels by time:
   Orc:1: 1790 daAuts
    D:10: 1783 daAuts
     D:7: 1596 daAuts
     D:9: 1546 daAuts
  Lair:2: 1433 daAuts
    D:11: 1427 daAuts
  Lair:5: 1338 daAuts
  Lair:3: 1322 daAuts
     D:2: 1245 daAuts
     D:4: 1242 daAuts
     D:3: 1189 daAuts
     D:8: 1177 daAuts
     D:1: 1164 daAuts
  Lair:4: 1099 daAuts
     D:5: 1058 daAuts
